 Dungeon Crawl Stone Soup version 0.32-a0-995-gb4a59205af (webtiles) character file.

Game seed: 13510263309353743847

15240 zorb987 the Severer (level 11, -12/99 HPs)
             Began as a Minotaur Fighter on Apr 22, 2024.
             Was an Elder of Dithmenos.
             Mangled by an earth elemental (14 damage)
             ... while paralysed by an air elemental
             ... on level 11 of the Dungeon.
             The game lasted 00:46:30 (10365 turns).

zorb987 the Severer (Minotaur Fighter)             Turns: 10365, Time: 00:46:30

Health: -12/99     AC: 17    Str: 23    XL:     11   Next: 99%
Magic:  10/10      EV:  2    Int:  5    God:    Dithmenos [****..]
Gold:   739        SH:  0    Dex: 13    Spells: 10/10 levels left

rFire   . . .        M - +3 broad axe (venom)
rCold   + . .        I - +3 buckler {reflect}
rNeg    + . .        n - +2 ring mail {rN+}
rPois   .            (helmet restricted)
rElec   .            N - +0 cloak
rCorr   +            l - +1 pair of gloves of the Tick {rCorr Dex+3}
SInv    .            H - +0 pair of boots of Foolhardiness {rC+ Regen+ Dex-2}
Will    .....        A - amulet of reflection
Stlth   ++           z - +5 ring of evasion
HPRegen 1.16/turn    j - +4 ring of protection
MPRegen 0.12/turn

%: reflection
@: paralysed, about to teleport, wreathed by umbra
A: horns 2, retaliatory headbutt
a: Renounce Religion, Shadow Step


You were on level 11 of the Dungeon.
You worshipped Dithmenos.
Dithmenos was greatly pleased with you.
You visited 1 branch of the dungeon, and saw 11 of its levels.
You also visited: Bailey.

You collected 750 gold pieces.
You spent 11 gold pieces at shops.

Inventory:

Hand Weapons
 a - a +2 war axe
 c - the +10 halberd "Ereogg" {freeze, Will+ rCorr Str+3}
   (You found it in a bailey)

   Str+3:     It affects your strength (+3).
   Will+:     It increases your willpower.
   rCorr:     It protects you from acid and corrosion.
 e - a +1 demon whip of venom
 t - a +1 mace of draining
 u - a +4 spear
 M - a +3 broad axe of venom (weapon)
 P - a +0 club
 S - a +2 morningstar of draining
Missiles
 m - 5 poisoned darts (quivered)
 x - 8 curare-tipped darts
 E - 7 javelins
 G - 16 boomerangs
Armour
 l - the +1 pair of gloves of the Tick (worn) {rCorr Dex+3}
   (You found it on level 2 of the Dungeon)

   Dex+3:     It affects your dexterity (+3).
   rCorr:     It protects you from acid and corrosion.
 n - a +2 ring mail of positive energy (worn)
 H - the +0 pair of boots of Foolhardiness (worn) {rC+ Regen+ Dex-2}
   (You acquired it in a bailey)

   Dex-2:     It affects your dexterity (-2).
   rC+:       It protects you from cold.
   Regen+:    It increases your rate of health regeneration.
 I - a +3 buckler of reflection (worn)
 J - a +0 plate armour
 N - a +0 cloak (worn)
Jewellery
 f - a ring of flight
 i - a ring of protection from cold
 j - a +4 ring of protection (right hand)
 z - a +5 ring of evasion (left hand)
 A - an amulet of reflection (around neck)
 O - an amulet of faith
 R - a +6 ring of intelligence
Wands
 r - a wand of polymorph (10)
 w - a wand of flame (42)
 L - a wand of digging (4)
 T - a wand of paralysis (5)
Scrolls
 q - 2 scrolls of fog
 s - a scroll of vulnerability
 y - 4 scrolls of identify
 B - a scroll of poison
 C - 4 scrolls of revelation
 K - 4 scrolls of immolation
 V - a scroll of enchant armour
Potions
 b - 2 potions of haste
 d - 4 potions of might
 g - a potion of curing
 h - 3 potions of cancellation
 k - 2 potions of berserk rage
 o - a potion of attraction
 p - 3 potions of lignification
 v - 3 potions of mutation
 D - a potion of invisibility
 Q - a potion of brilliance {unknown}
Miscellaneous
 U - a Gell's gravitambourine (2/2)


   Skills:
 + Level 9.7 Fighting
 + Level 15.4 Axes
 + Level 7.9 Armour
 + Level 6.6 Dodging
 + Level 2.4 Stealth
 + Level 10.7 Shields
 * Level 2.8 Evocations


You had 10 spell levels left.
You didn't know any spells.
Your spell library contained the following spells:

 Spells                   Type           Power      Damage    Failure   Level
 Apportation              Tloc           0%         N/A       65%         1
 Necrotise                Necr           0%         1d4       65%         1
 Sting                    Conj/Alch      0%         1d3       65%         1
 Summon Small Mammal      Summ           0%         N/A       65%         1
 Mercury Vapours          Alch/Air       0%         N/A       80%         2
 Maxwell's Portable Pile  Tloc           0%         2d(5-13)  95%         3
 Olgreb's Toxic Radiance  Alch           0%         N/A       100%        4
 Alistair's Intoxication  Alch           0%         N/A       100%        5
 Borgnjor's Vile Clutch   Necr/Erth      0%         N/A       100%        5
 Eringya's Noxious Bog    Alch           0%         4d6       100%        6
 Magnavolt                Erth/Air       0%         3d9       100%        7
 Maxwell's Capacitive Co  Air            0%         ∞         100%        8


Dungeon Overview and Level Annotations

Branches:
Dungeon (11/15)            Temple (0/1) D:6            Lair (0/5) D:10
    Orc (0/2) D:9          Bailey (visited)

Altars:
Dithmenos
Fedhas
Gozag
Kikubaaqudgha
Ru
Uskayaw
Wu Jian
Yredelemnul
Beogh

Shops:
D:1 !   D:5 :

Annotations:
D:5 3 runed translucent doors, Bliebski's ghost, novice OpCK
D:9 1 runed translucent door


Innate Abilities, Weirdness & Mutations

You have a pair of horns on your head.
You reflexively headbutt those who attack you in melee.


Message History

The air elemental hits you! The air elemental closely misses you.
You block the earth elemental's attack.
You slash the air elemental!
The air elemental is moderately damaged.
You barely miss the earth elemental.
The air elemental fires a burst of electricity at you.
The stunning burst hits you!
You shrug off the repeated paralysis!
The air elemental fires a burst of electricity at you.
The stunning burst misses you.
Okay, then.
As you read the scroll of teleportation, it crumbles to dust.
You feel strangely unstable. You block the air elemental's attack.
The air elemental closely misses you. You furiously retaliate!
You headbutt the air elemental! You block the air elemental's attack.
The earth elemental misses you.
You closely miss the air elemental. Your headbutt misses the air elemental.
The air elemental is severely damaged.
You hit the earth elemental.
The air elemental fires a burst of electricity at you.
The stunning burst hits you but does no damage.
You shrug off the repeated paralysis!
You block the air elemental's attack.
You closely miss the air elemental.
The air elemental is severely damaged.
You slash the earth elemental!
The air elemental hits you but does no damage. x2
The earth elemental hits you!!
* * * LOW HITPOINT WARNING * * *
You barely miss the air elemental.
The air elemental is severely damaged.
You hit the earth elemental.
The air elemental fires a burst of electricity at you.
The stunning burst hits you!
You suddenly lose the ability to move!
* * * LOW HITPOINT WARNING * * *
The air elemental fires a burst of electricity at you.
The stunning burst hits you.
* * * LOW HITPOINT WARNING * * *
The air elemental hits you but does no damage.
The air elemental hits you but does no damage. x2
The earth elemental hits you!
You die...

#..#.......#...#..........
#..#.......#..÷###########
#..###########............
#...#....§.§§#............
#.###....§§≈≈#............
#.# #.......§#............
#.# #...)≈...'............
#.# #...#≈...'............
###.# #..:E@...#.....[......
#...# ##..E..≈≈########'#...
#...# #$#....≈≈#........#...
#...# # ########........#...
#...# #...##..........#...
#...# #....#..........#...
#...#####....#..........#...
#............######'#####...
#...........................


You could see an earth elemental and an air elemental.

Vanquished Creatures
  A boulder beetle (D:11)
  3 two-headed ogres
  An orc high priest (Bailey)
  Amaemon (D:9)
  2 cyclopes (D:11)
  An orc sorcerer (Bailey)
  A manticore (D:11)
  Joseph (D:7)
  An orange demon (D:9)
  3 trolls
  2 vampires
  A wraith (D:9)
  3 shadows
  6 yaks (D:11)
  A fire elemental (D:11)
  2 steam dragons
  Menkaure (D:4)
  2 acid dragons
  A water moccasin (D:8)
  21 orc warriors
  A black bear (D:5)
  2 sky beasts (D:7)
  An ogre (D:7)
  5 centaurs
  2 phantoms
  A kobold brigand (D:8)
  7 bullfrogs
  3 gnoll sergeants
  4 scorpions
  4 wights (D:7)
  A water moccasin skeleton (D:5)
  9 killer bees
  4 electric eels (Bailey)
  4 bombardier beetles
  A centaur zombie (D:5)
  2 bullfrog zombies (D:5)
  5 hounds
  3 bullfrog skeletons (D:5)
  6 jellies
  11 orc priests
  2 sleepcaps (D:6)
  11 orc wizards
  5 hound zombies (D:5)
  22 gnolls
  7 adders
  A shadow imp (D:6)
  A white imp (D:8)
  An adder zombie (D:5)
  7 dart slugs
  2 ribbon worms
  45 orcs
  6 ball pythons
  6 endoplasms
  6 giant cockroaches
  10 goblins
  13 hobgoblins
  3 quokkas (D:1)
  6 bats
  2 frilled lizards (D:1)
  A jackal skeleton (D:9)
  11 kobolds
  A kobold zombie (D:9)
  6 rats
306 creatures vanquished.

Vanquished Creatures (others)
  A water elemental (D:11)
  An orc wizard (D:8)
2 creatures vanquished.

Grand Total: 308 creatures vanquished

Notes
Turn   | Place    | Note
-------+----------+-------------------------------------------
     0 | D:1      | zorb987 the Minotaur Fighter began the quest for the Orb.
     0 | D:1      | Reached XP level 1. HP: 19/19 MP: 0/0
    35 | D:1      | Reached XP level 2. HP: 18/27 MP: 1/1
    50 | D:1      | Reached skill level 3 in Axes
   220 | D:1      | Reached XP level 3. HP: 33/33 MP: 2/2
   333 | D:1      | Found Egotwix's Distillery.
   444 | D:1      | Bought a potion of degeneration for 11 gold pieces
   742 | D:2      | Identified the +1 pair of gloves of the Tick {rCorr Dex+3}
   822 | D:2      | Reached skill level 4 in Axes
   864 | D:2      | Reached XP level 4. HP: 40/40 MP: 3/3
  1255 | D:3      | Found an ancient bone altar of Kikubaaqudgha.
  1257 | D:3      | Found an ornate altar of the Wu Jian Council.
  1296 | D:3      | Reached skill level 1 in Dodging
  1406 | D:3      | Reached XP level 5. HP: 24/46 MP: 4/4
  1713 | D:3      | Reached skill level 5 in Axes
  1894 | D:4      | Reached skill level 5 in Armour
  1910 | D:4      | Reached XP level 6. HP: 51/53 MP: 5/5
  2138 | D:4      | Noticed Menkaure
  2146 | D:4      | Killed Menkaure
  2147 | D:4      | Reached skill level 6 in Axes
  2245 | D:4      | Found a shadowy altar of Dithmenos.
  2744 | D:4      | Became a worshipper of Dithmenos the Shadowed
  2759 | D:5      | Entered Level 5 of the Dungeon
  2820 | D:4      | Reached XP level 7. HP: 53/60 MP: 6/6
  2845 | D:5      | Reached skill level 7 in Axes
  2998 | D:5      | Reached skill level 5 in Fighting
  3136 | D:5      | Found Siufiaf's Tremendous Tomes.
  3211 | D:5      | Reached skill level 8 in Axes
  3255 | D:5      | Found a hide-covered altar of Uskayaw.
  3257 | D:5      | Noticed a +0 hand axe
  3257 | D:5      | Noticed a +0 dagger
  3311 | D:5      | Reached XP level 8. HP: 62/68 MP: 7/7
  3331 | D:5      | Found a runed translucent gate.
  3331 | D:5      | Found a runed translucent gate.
  3333 | D:5      | Found a runed translucent gate.
  3340 | D:5      | Noticed Bliebski's ghost (novice OpCK)
  3377 | D:5      | Reached * piety under Dithmenos
  3411 | D:5      | Reached skill level 5 in Shields
  3413 | D:5      | Reached skill level 9 in Axes
  3600 | D:5      | Reached skill level 1 in Stealth
  3707 | D:6      | Found a sacrificial altar of Ru.
  3958 | D:6      | Found a staircase to the Ecumenical Temple.
  4354 | D:7      | Reached skill level 10 in Axes
  4354 | D:7      | Reached XP level 9. HP: 64/75 MP: 8/8
  4735 | D:7      | Noticed Joseph
  4886 | D:7      | Killed Joseph
  4887 | D:7      | Reached skill level 11 in Axes
  4918 | D:7      | Reached ** piety under Dithmenos
  5739 | D:8      | Reached skill level 12 in Axes
  5795 | D:8      | Found a flagged portal.
  5815 | Bailey   | Entered a bailey
  5885 | Bailey   | Reached XP level 10. HP: 80/86 MP: 9/9
  6129 | Bailey   | Reached *** piety under Dithmenos
  6146 | Bailey   | Reached skill level 5 in Dodging
  6248 | Bailey   | Acquired the +0 pair of boots of Foolhardiness {rC+ Regen+
                  | Dex-2}
  6315 | Bailey   | Noticed an orc sorcerer
  6324 | Bailey   | Paralysed by an orc sorcerer for 4 turns
  6334 | Bailey   | Killed an orc sorcerer
  6337 | Bailey   | Found an iron altar of Okawaru.
  6339 | Bailey   | Noticed an orc high priest
  6364 | Bailey   | Killed an orc high priest
  6365 | Bailey   | Reached skill level 13 in Axes
  6433 | Bailey   | Identified the +10 halberd "Ereogg" {freeze, Will+ rCorr
                  | Str+3}
  7126 | D:8      | Found a runed translucent door.
  7590 | D:8      | Found a roughly hewn altar of Beogh.
  7900 | D:9      | Noticed Amaemon
  7900 | D:9      | Noticed an orange demon
  7907 | D:9      | Killed Amaemon
  7908 | D:9      | Reached XP level 11. HP: 34/94 MP: 10/10
  8050 | D:9      | Found a blossoming altar of Fedhas.
  8123 | D:9      | Reached **** piety under Dithmenos
  8256 | D:9      | Noticed a two-headed ogre
  8261 | D:9      | Killed a two-headed ogre
  8262 | D:9      | Reached skill level 14 in Axes
  8626 | D:9      | Found a staircase to the Orcish Mines.
  8631 | D:9      | Found a runed translucent door.
  8639 | D:9      | Found a basalt altar of Yredelemnul.
  8820 | D:10     | Entered Level 10 of the Dungeon
  8952 | D:9      | Reached skill level 10 in Shields
  9027 | D:10     | Found a staircase to the Lair.
  9093 | D:10     | Found an opulent altar of Gozag.
  9566 | D:11     | Noticed a two-headed ogre
  9585 | D:11     | Noticed a two-headed ogre
  9593 | D:11     | Killed a two-headed ogre
  9594 | D:11     | Reached skill level 1 in Evocations
  9859 | D:11     | Noticed a boulder beetle
  9873 | D:11     | Killed a boulder beetle
  9874 | D:11     | Reached skill level 15 in Axes
 10087 | D:11     | Killed a two-headed ogre
 10105 | D:11     | Found a large runed translucent door.
 10106 | D:11     | Found a large runed translucent door.
 10354 | D:11     | Paralysed by an air elemental for 1 turns
 10357 | D:11     | Paralysed by an air elemental for 1 turns
 10364 | D:11     | Paralysed by an air elemental for 1 turns
 10364 | D:11     | HP: 1/99 [air elemental/stunning burst (5)]
 10365 | D:11     | Mangled by an earth elemental

Illustrated notes

Levels and vault maps discovered:
D:1:      dpeg_arrival_solitude, layout_rooms, serial_shops,
          nicolae_shop_hallway_stairs
D:2:      layout_loops_ring, chequers_serial_rivers_micro_a
D:3:      layout_rooms, overflow_temple_1_default, nzn_wu_jian_council_hall
D:4:      layout_basic, nicolae_dithmenos_through_a_glass_darkly, uniq_menkaure
D:5:      layout_rooms, dancing_weapons_uskayaw, serial_undead, serial_undead_a,
          serial_undead_e, serial_undead_a, serial_undead_a, serial_undead_b,
          gammafunk_ghost_split, nicolae_shop_i_like_big_books,
          serial_park_tiny_1
D:6:      layout_cave_pools, overflow_temple_1_default,
          minmay_temple_entry_mist, serial_glass, glass_columns_b,
          glass_columns_a, glass_columns_a, glass_columns_b,
          due_unseen_surprise, item_on_display_b, feat_on_display,
          item_on_display_a, kennysheep_small_square
D:7:      layout_basic, serial_bayou_pond_e, uniq_joseph
D:8:      kennysheep_blocky_hall, layout_loops_cross, enter_bailey_4,
          lightli_church_of_beogh
D:9:      layout_basic, dk_yredelemnul_ordeal, mainiacjoe_overflow_24_doors,
          orc_0_dummy, uniq_amaemon
D:10:     layout_roguey, mainiacjoe_overflow_brackets, lair_entry_dummy
D:11:     layout_irregular_city, lightli_elemental_guards

Skill      XL: |  1  2  3  4  5  6  7  8  9 10 11 |
---------------+----------------------------------+-----
Axes           | 3 4 5 6 8 10 12 13 15 | 15.4
Fighting       | 4 5 6 7 8 9 |  9.7
Armour         | 4 5 6 7 |  7.9
Shields        | 4 7 8 9 10 | 10.7
Dodging        | 1 2 3 4 6 |  6.6
Stealth        | 1 2 |  2.4
Evocations     | 2 |  2.8

Action                     |  1- 3 |  4- 6 |  7- 9 | 10-12 || total
---------------------------+-------+-------+-------+-------++-------
  Melee: War axe           |    61 |   104 |   248 |   240 ||   653
         Headbutt          |    10 |    17 |    56 |    85 ||   168
         Broad axe         |       |       |       |   157 ||   157
    Use: Scroll            |     2 |     4 |     9 |    11 ||    26
         Potion            |       |       |       |     6 ||     6
   Stab: Distracted        |       |       |       |     1 ||     1
         Sleeping          |       |       |       |     1 ||     1
 Armour: Scale mail        |    48 |    32 |       |       ||    80
         Ring mail         |       |    35 |   118 |   196 ||   349
  Dodge: Dodged            |    28 |    42 |   168 |   215 ||   453
  Block: Buckler           |    17 |    34 |   136 |   207 ||   394
         Reflection        |       |       |    14 |     6 ||    20

Table legend: (Time is in decaauts)
 A = Elapsed time spent in this place.
 B = Non-inter-level travel time spent in this place.
 C = Inter-level travel time spent in this place.
 D = Time resting spent in this place.
 E = Time spent auto-exploring this place.
 F = Levels seen in this place.
 G = Mean time per level.
                   A        B        C        D        E       F      G
               +--------+--------+--------+--------+--------+-----+--------+
         Total |  10400 |   9389 |   1011 |   1110 |   5176 |  12 |  866.7 |
       Dungeon |   9464 |   8453 |   1011 |    905 |   5176 |  11 |  860.4 |
        Bailey |    936 |    936 |      0 |    205 |      0 |   1 |  936.0 |
               +--------+--------+--------+--------+--------+-----+--------+

Top non-repeatable levels by time:
     D:8: 1277 daAuts
     D:7: 1129 daAuts
     D:4: 1104 daAuts
     D:9: 1045 daAuts
  Bailey: 936 daAuts
     D:5: 804 daAuts
     D:6: 790 daAuts
    D:11: 788 daAuts
     D:2: 776 daAuts
    D:10: 655 daAuts
     D:3: 593 daAuts
     D:1: 498 daAuts
